 Dungeon Crawl Stone Soup version 0.20.1 (webtiles) character file.

139 KleinerIrrer the Ducker (level 5, -5/54 HPs)
             Began as an Octopode Monk on July 2, 2017.
             Was a Priest of Vehumet.
             Killed from afar by Sigmund (8 damage)
             ... with a puff of flame
             ... on level 5 of the Dungeon.
             The game lasted 00:07:09 (2195 turns).

KleinerIrrer the Ducker (Octopode Monk)             Turns: 2195, Time: 00:07:11

Health: -5/54      AC:  1    Str: 15    XL:     5   Next: 22%
Magic:  2/6        EV: 15    Int: 12    God:    Vehumet [***...]
Gold:   164        SH:  0    Dex: 16    Spells: 5/6 levels left

rFire    . . .     SeeInvis .     - Unarmed
rCold    . . .     Gourm    .   (no shield)
rNeg     . . .     Faith    .   (helmet restricted)
rPois    .         Spirit   .   (no amulet)
rElec    .         Reflect  .   n - ring of wizardry
rCorr    .         Harm     .   (no ring)
MR       .....                  (no ring)
Stlth    ..........             (no ring)
Regen    0.2/turn               (no ring)
MPRegen  0.1/turn               (no ring)
                                (no ring)
                                (no ring)

@: berserking, very quick
A: almost no armour, stealthy swim, amphibious, 8 rings, constrict 8, camouflage
1, gelatinous body 1
a: Renounce Religion


You were on level 5 of the Dungeon.
You worshipped Vehumet.
Vehumet was most pleased with you.
You were hungry.

You visited 1 branch of the dungeon, and saw 5 of its levels.

You collected 164 gold pieces.

Inventory:

Jewellery
 b - an uncursed ring of resist corrosion {unknown}
 e - an uncursed amulet of faith
 n - a ring of wizardry (left tentacle)
Wands
 q - a wand of disintegration (20/24)
Scrolls
 r - a scroll of recharging {unknown}
 s - a scroll of immolation {unknown}
Potions
 f - 3 potions of heal wounds
 i - a potion of haste {unknown}
 j - a potion of brilliance
 p - a potion of flight {unknown}
Books
 o - a book of Changes

   Spells                             Type                      Level
   a - Beastly Appendage              Transmutation                1
   b - Sticks to Snakes               Transmutation                2
   c - Spider Form                    Transmutation/Poison         3
   d - Ice Form                       Ice/Transmutation            4
   e - Blade Hands                    Transmutation                5
Comestibles
 a - 4 bread rations
 k - a meat ration
 l - 3 chunks of flesh
 m - 2 royal jellies


   Skills:
 - Level 3.3 Fighting
 + Level 3.8 Dodging
 + Level 3.7 Stealth
 - Level 3.4 Unarmed Combat
 * Level 1.0 Spellcasting
 * Level 1.5 Conjurations
 * Level 1.9 Poison Magic


You had 5 spell levels left.
You knew the following spells:

 Your Spells              Type           Power        Failure   Level  Hunger
a - Sting                 Conj/Pois      #...         1%          1    ##.....


Dungeon Overview and Level Annotations

Branches:
Dungeon (6/15)
 Temple: D:4-7

Altars:
Nemelex Xobeh
Vehumet

Annotations:
D:5 Sigmund


Innate Abilities, Weirdness & Mutations

You cannot wear most types of armour.
You are very stealthy in the water. (Stealth+)
You are amphibious.
You can wear up to eight rings at the same time.
You can use your tentacles to constrict eight enemies at once.
Your skin changes colour to match your surroundings (Stealth+).
Your rubbery body absorbs attacks. (AC +1, EV +1)


Message History

The sting hits the ogre.
The ogre is lightly wounded.
The ogre hits you with a giant club!
* * * LOW HITPOINT WARNING * * *
You feel much better. Something closely misses you.
The ogre hits you with a giant club.
A red film seems to cover your vision as you go berserk!
You feel yourself moving faster!
You feel mighty! The ogre misses you. Something hits you.
You bludgeon the ogre! Your squeeze misses the ogre.
The ogre is severely wounded.
You barely miss the ogre.
The ogre is severely wounded.
The ogre hits you with a giant club!!
Ouch! That really hurt!
* * * LOW HITPOINT WARNING * * *
You hear some strange, mumbled words.
A puff of flame appears from out of thin air!
The puff of flame hits you!
You die...

******..#*,..........,,,
*#.#**#......#..,,,
#.####........,,,,
#........#.?#****,
#..........#* *,
#........%.#*****,
#........#...,,,,,
#.O{.....#******,,
#@.......#*******,
####.#####*,,,,,,, #.#
*,,******
#.#****,**,,,,,
#..,,,,,*,,,***
*##*,,,,*,,,* *
*,,,,,,,,,,,***
*,,,,,,,,,*,,,*
*,,,,,,,,,***,,


You could see an ogre.

Vanquished Creatures
  A water moccasin zombie (D:6)
  2 adders
  An ooze (D:2)
  2 worms (D:2)
  4 bats
  2 giant cockroaches
  9 goblins
  6 hobgoblins
  4 jackals (D:1)
  7 kobolds
  2 quokkas
  5 frilled lizards
  9 rats
54 creatures vanquished.

Notes
Turn   | Place    | Note
-------+----------+-------------------------------------------
     0 | D:1      | KleinerIrrer the Octopode Monk began the quest for the Orb.
     0 | D:1      | Reached XP level 1. HP: 16/16 MP: 1/1
   171 | D:1      | Reached XP level 2. HP: 16/21 MP: 2/2
   598 | D:1      | Reached XP level 3. HP: 26/26 MP: 3/3
  1273 | D:2      | Found a faded altar of an unknown god.
  1278 | D:2      | Became a worshipper of Vehumet
  1278 | D:2      | Reached * piety under Vehumet
  1278 | D:2      | Offered knowledge of Sting by Vehumet.
  1278 | D:2      | Reached ** piety under Vehumet
  1281 | D:2      | Learned a level 1 spell: Sting
  1375 | D:2      | Reached XP level 4. HP: 31/31 MP: 1/4
  1478 | D:2      | Offered knowledge of Sandblast by Vehumet.
  1571 | D:2      | Found a sparkling altar of Nemelex Xobeh.
  1636 | D:2      | Reached *** piety under Vehumet
  1813 | D:2      | Offered knowledge of Static Discharge by Vehumet.
  2058 | D:3      | You fall through a shaft for 3 floors!
  2081 | D:6      | Reached skill level 1 in Spellcasting
  2081 | D:6      | Reached skill level 1 in Conjurations
  2081 | D:6      | Reached skill level 1 in Poison Magic
  2081 | D:6      | Reached XP level 5. HP: 22/36 MP: 6/6
  2161 | D:5      | Entered Level 5 of the Dungeon
  2173 | D:5      | Noticed Sigmund
  2176 | D:5      | Noticed an ogre
  2195 | D:5      | Killed from afar by Sigmund

Skill      XL: |  1  2  3  4 |
---------------+-------------+-----
Stealth        | 3 |  3.7
Spellcasting   | 1 |  1.0
Conjurations   | 1 |  1.5
Poison Magic   | 1 |  1.9
Fighting       | |  3.3
Dodging        | |  3.8
Unarmed Combat | |  3.4

Action                   |  1- 3 |  4- 6 || total
-------------------------+-------+-------++-------
Melee: Unarmed           |    78 |    25 ||   103
       Constrict         |    24 |     4 ||    28
       Tentacles         |    19 |     2 ||    21
       Punch             |       |     2 ||     2
 Cast: Sting             |     4 |    22 ||    26
  Use: Scroll            |       |     6 ||     6
       Potion            |       |     3 ||     3
 Stab: Sleeping          |    10 |     1 ||    11
       Distracted        |     1 |       ||     1
  Eat: Chunk             |     2 |     3 ||     5
Armor: Skin              |     2 |       ||     2
Dodge: Dodged            |    53 |    21 ||    74
